 Dungeon Crawl Stone Soup version 0.32-a0-484-g2eb335deba (webtiles) character file.

Game seed: 5505655814024148351

109417 shadizar the Fighter (level 17, -9/130 HPs)
             Began as a Djinni Conjurer on Feb 26, 2024.
             Was the Champion of Makhleb.
             Mangled by a bog body (40 damage)
             ... on level 3 of the Swamp.
             The game lasted 00:57:08 (28712 turns).

shadizar the Fighter (Djinni Conjurer)             Turns: 28712, Time: 00:57:09

Health: -9/130     AC: 17    Str:  6    XL:     17   Next: 7%
Gold:   3142       EV: 13    Int: 34    God:    Makhleb [******] SH: 12 Dex: 18

rFire   + + .        p - staff of air
rCold   x . .        N - +0 kite shield
rNeg    . . .        h - +0 swamp dragon scales
rPois   ∞            j - +2 helmet
rElec   +            f - +0 cloak
rCorr   .            r - +0 pair of gloves
SInv    .            (boots unavailable)
Will    +....        (no amulet)
Stlth   +            k - +6 ring of dexterity
HPRegen 0.41/turn    e - +6 ring of intelligence
MPRegen 0.00/turn

%: infuse magic (-10 HP)
@: flying
A: sickness immunity, fire resistance 2, cold vulnerability 1, float, innate
caster, HP casting, extra vitality 1
a: Renounce Religion, Minor Destruction, Lesser Servant of Makhleb, Major
Destruction, Greater Servant of Makhleb


You were on level 3 of the Swamp.
You worshipped Makhleb.
Makhleb was exalted by your worship.
You visited 5 branches of the dungeon, and saw 25 of its levels.
You also visited: Sewer.

You collected 3142 gold pieces.

Inventory:

Hand Weapons
 g - a +7 demon trident of venom
Armour
 f - a +0 cloak (worn)
 h - +0 swamp dragon scales (worn)
 j - a +2 helmet (worn)
 n - an orb of mayhem
 r - a +0 pair of gloves (worn)
 M - a +8 chain mail of ponderousness
 N - a +0 kite shield (worn)
 O - +0 acid dragon scales
Magical Staves
 p - a staff of air (weapon)
 y - a staff of earth
Jewellery
 b - a +6 ring of intelligence
 e - a +6 ring of intelligence (right hand)
 k - a +6 ring of dexterity (left hand)
 u - a ring of protection from fire
 K - a ring of see invisible
Wands
 a - a wand of acid (27)
 d - a wand of flame (116)
 m - a wand of iceblast (17)
 o - a wand of paralysis (31)
 C - a wand of mindburst (19)
 P - a wand of polymorph (6)
 Q - a wand of digging (15)
Scrolls
 B - 2 scrolls of enchant armour
 D - 5 scrolls of teleportation
 E - 3 scrolls of fear
 F - 2 scrolls of revelation
 H - 3 scrolls of butterflies
 I - 8 scrolls of identify
 R - a scroll of enchant weapon
Potions
 c - 3 potions of resistance
 l - 2 potions of enlightenment
 q - 4 potions of haste
 s - 4 potions of berserk rage
 t - 3 potions of might
 w - a potion of ambrosia
 z - a potion of invisibility
 A - 4 potions of brilliance
Miscellaneous
 J - a phial of floods


   Skills:
 + Level 14.7 Fighting
 + Level 11.5 Armour
 + Level 13.2 Dodging
 - Level 1.5 Stealth
 + Level 8.8 Shields
 * Level 14.3 Spellcasting
 * Level 14.3 Conjurations
 * Level 14.3 Hexes
   Level 0.0 Charms
 * Level 14.3 Summonings
 * Level 14.3 Necromancy
 * Level 14.3 Translocations
   Level 0.0 Transmutations
 * Level 14.3 Fire Magic
 * Level 14.3 Ice Magic
 * Level 14.3 Air Magic
 * Level 14.3 Earth Magic
 * Level 14.3 Alchemy


You knew the following spells:

 Your Spells              Type           Power      Damage    Failure   Level
a - Magic Dart            Conj           100%       1d8       1%          1
b - Searing Ray           Conj           100%       2d8       1%          2
c - Fulminant Prism       Conj/Alch      44%        3d19      1%          4
d - Iskenderun's Mystic   Conj/Tloc      89%        2d17      1%          4
e - Sandblast             Erth           100%       2d20      1%          1
f - Mercury Vapours       Alch/Air       100%       N/A       1%          2
g - Ensorcelled Hibernat  Hex/Ice        100%       N/A       1%          2
h - Summon Ice Beast      Ice/Summ       89%        N/A       1%          3
i - Dispel Undead         Necr           89%        3d28      1%          4
j - Freezing Cloud        Conj/Ice/Air   55%        6-21      1%          5
k - Death Channel         Necr           44%        N/A       10%         6
l - Haunt                 Necr/Summ      44%        N/A       50%         7
Your spell library was empty.

Dungeon Overview and Level Annotations

Branches:
Dungeon (14/15)            Temple (1/1) D:5            Lair (5/5) D:9
  Swamp (3/4) Lair:3        Snake (0/4) Lair:2        Slime (0/5) Lair:5
    Orc (2/2) D:11            Elf (0/3) Orc:2        Vaults (0/5) D:14
  Sewer (visited)

Altars:
Ashenzari
Cheibriados
Dithmenos
Elyvilon
Fedhas
Gozag
Hepliaklqana
Makhleb
Nemelex Xobeh
Okawaru
Qazlal
Ru
Trog
Uskayaw
Wu Jian
Xom
Yredelemnul
The Shining One
Beogh
Jiyva

Shops:
Orc:1 [   Orc:2 :(*[

Portals:
Trove: D:12 (give +6 demon whip)

Annotations:
D:5 1 runed translucent door, bmj180's ghost, novice HuCj
D:7 2 transporters, exclusion: 2 ice statues, Skimidon's ghost, novice MDGl


Innate Abilities, Weirdness & Mutations

You are immune to sickness and miasma.
You are immune to poison.
Your flesh is very heat resistant. (rF++)
You are vulnerable to cold. (rC-)
You float through the air rather than walking.
You learn spells naturally, not from books.
Your magical power is your life essence.
You have superior vitality. (+4 MHP)


Message History

The bog body is moderately damaged.
The bog body is knocked back by the mystic blast.
The mystic blast hits the spriggan druid!
The spriggan druid is severely wounded.
The spriggan druid is knocked back by the mystic blast.
* * * LOW HITPOINT WARNING * * *
The swamp worm fires a harpoon shot at you.
The harpoon shot hits you but does no damage.
Unknown command.
Unknown command.
Unknown command.
Unknown command.
Unknown command.
Unknown command.
Unknown command.
Unknown command.
Unknown command.
Unknown command.
Unknown command.
Unknown command.
Unknown command.
Unknown command.
Unknown command.
Unknown command.
Okay, then.
You feel better.
The spriggan druid mumbles some strange words.
The spriggan druid is healed somewhat.
You feel better.
The swamp worm fires a harpoon shot at you.
The harpoon shot hits you but does no damage.
The spriggan druid calls out to the beasts of the wild!
The spriggan druid calls out to the beasts of the wild!
Things that are here:
a +0 quarterstaff; a +0 robe The spriggan druid calls out to the beasts of the wild!
The bog body touches you.
* * * LOW HITPOINT WARNING * * *
The bog body freezes you!!!
You feel a terrible chill!
You die...

♣♣.~§~~♣ ♣♣
♣.~~~.♣♣♣♣.♣♣.♣♣
♣...~........♣.~
♣.~~~~♣.~§♣♣.~~~ ♣♣§
♣.~~.§..~~~~.~~~ ♣♣~~
♣♣.~~~~§.~~♣.~§~
.♣.♣~♣♣.~†<~~~..~~.♣~
....~.♣§.§..~..~..~.~.
...~§§~@~.≈..~♣♣♣♣♣~
...~..w.n.~.~)~♣
.~♣♣†.♣)♣...~~~♣ .
♣♣[......i....~~
♣§...#########.~
♣..†.##§#w#w# ..♣
♣.####≈≈#§≈≈≈ .♣ ♣w


PP°PPPPP ♣© ^w^^^^^ You could see a spriggan druid, a bog body and 3 swamp
worms.

Vanquished Creatures
  An orc warlord (Orc:2)
  Azrael (Orc:2)
  2 bunyips
  Snorg (D:14)
  3 eleionomae
  Erolcha (D:10)
  Harold (D:9)
  2 ghost crabs
  5 catoblepae
  4 vault guards (D:14)
  6 hydras
  3 two-headed ogres
  6 alligators
  2 death knights
  A centaur warrior (D:14)
  4 orc high priests (Orc:2)
  8 death yaks (Lair:5)
  Urug (Lair:4)
  A fire crab (shapeshifter) (D:14)
  2 skysharks
  4 skeletal warriors (D:14)
  Amaemon (Lair:3)
  A swamp dragon (Swamp:1)
  2 arcanists
  4 spriggan druids
  7 goliath frogs
  2 bog bodies
  5 orc knights (Orc:2)
  4 deep elf pyromancers
  A wolf spider (D:14)
  An oklob plant (Lair:5)
  An ugly thing (D:13)
  A will-o-the-wisp (Swamp:3)
  5 manticores
  6 cyclopes
  A meliai (shapeshifter) (D:14)
  15 elephants
  2 black mambas
  A kobold blastminer (Orc:2)
  14 cane toads
  A cane toad (shapeshifter) (D:13)
  6 torpor snails
  Maggie (D:6)
  6 orange demons
  An unseen horror (D:12)
  2 rime drakes
  6 komodo dragons
  Psyche (D:9)
  2 kobold demonologists (D:11)
  4 red devils (D:13)
  A guardian mummy (D:12)
  4 trolls
  7 hornets
  3 polar bears
  4 tyrant leeches
  3 bloated husks
  19 blink frogs
  8 spriggans
  4 wraiths
  2 shadows
  Sigmund (D:3)
  3 wyverns
  61 yaks
  2 basilisks
  A vampire (D:14)
  5 fire elementals (Orc:2)
  5 wargs (Orc:2)
  2 steam dragons
  Menkaure (D:5)
  11 vampire mosquitoes
  Edmund (D:5)
  2 acid dragons
  14 swamp worms
  Duvessa (D:5)
  14 water moccasins
  A hell hound (Orc:2)
  6 swamp drakes
  A black bear (D:9)
  2 laughing skulls (D:14)
  26 orc warriors
  An ice beast (D:5)
  5 ogres
  13 wolves
  4 centaurs
  7 kobold brigands
  2 brain worms (Sewer)
  13 bullfrogs
  A scorpion (D:9)
  3 wights (D:8)
  16 killer bees
  Dowan (D:5)
  An electric eel (D:12)
  A howler monkey (D:8)
  4 crimson imps (D:8)
  A jelly (D:5)
  10 orc priests
  4 hounds
  2 gnoll boudas
  A sleepcap (D:7)
  3 iguanas
  Terence (D:2)
  20 orc wizards
  15 gnolls
  9 adders
  3 river rats (D:4)
  3 shadow imps
  7 white imps
  3 dart slugs
  58 orcs
  8 endoplasms
  A giant cockroach (D:4)
  5 hobgoblins
  3 jackals (D:3)
  41 kobolds
  8 quokkas
  4 ball pythons
  2 bats (D:1)
  6 frilled lizards
  6 goblins
  14 rats
688 creatures vanquished.

Vanquished Creatures (others)
  A fenstrider witch (Swamp:3)
  A bunyip (Swamp:3)
  A hornet (Swamp:2)
  A bloated husk (Swamp:3)
  A swamp worm (Swamp:2)
  10 foxfires (Swamp:3)
  23 fulminant prisms
38 creatures vanquished.

Grand Total: 726 creatures vanquished

Notes
Turn   | Place    | Note
-------+----------+-------------------------------------------
     0 | D:1      | shadizar the Djinni Conjurer began the quest for the Orb.
     0 | D:1      | shadizar set off with the following spells memorised: Magic
                  | Dart, Searing Ray, Fulminant Prism, Iskenderun's Mystic
                  | Blast.
     0 | D:1      | Reached XP level 1. HP: 15/15 MP: 0/0
   199 | D:1      | Reached XP level 2. HP: 19/21 MP: 0/0
   658 | D:1      | Reached XP level 3. HP: 21/25 MP: 0/0
   658 | D:1      | Learned a level 1 spell: Sandblast
  1005 | D:2      | Noticed Terence
  1013 | D:2      | Killed Terence
  1014 | D:2      | Reached XP level 4. HP: 18/31 MP: 0/0
  1112 | D:2      | Identified the +1 spear "Byunuzini" {spect, rPois}
  1665 | D:3      | Found a faded altar of an unknown god.
  1755 | D:3      | Identified the +1 pair of gloves of Theory {rElec Dex+6}
  1894 | D:3      | Reached skill level 5 in Spellcasting
  1894 | D:3      | Reached skill level 5 in Conjurations
  1894 | D:3      | Reached skill level 5 in Hexes
  1894 | D:3      | Reached skill level 5 in Summonings
  1894 | D:3      | Reached skill level 5 in Necromancy
  1894 | D:3      | Reached skill level 5 in Translocations
  1894 | D:3      | Reached skill level 5 in Fire Magic
  1894 | D:3      | Reached skill level 5 in Ice Magic
  1894 | D:3      | Reached skill level 5 in Air Magic
  1894 | D:3      | Reached skill level 5 in Earth Magic
  1894 | D:3      | Reached skill level 5 in Alchemy
  1894 | D:3      | Reached XP level 5. HP: 24/35 MP: 0/0
  1894 | D:3      | Learned a level 2 spell: Mercury Vapours
  1969 | D:3      | Found a faded altar of an unknown god.
  2281 | D:3      | Noticed Sigmund
  2284 | D:3      | Killed Sigmund
  2285 | D:3      | Reached XP level 6. HP: 28/40 MP: 0/0
  2659 | D:4      | Reached XP level 7. HP: 41/45 MP: 0/0
  2659 | D:4      | Learned a level 2 spell: Ensorcelled Hibernation
  2745 | D:4      | Found a glowing drain.
  2754 | Sewer    | Entered a sewer
  3515 | D:5      | Entered Level 5 of the Dungeon
  3520 | D:5      | Noticed Edmund
  3521 | D:5      | Reached XP level 8. HP: 42/50 MP: 0/0
  3521 | D:5      | Noticed Menkaure
  3667 | D:5      | Killed Edmund
  3705 | D:5      | Killed Menkaure
  3802 | D:5      | Found a staircase to the Ecumenical Temple.
  3829 | Temple   | Entered the Ecumenical Temple
  4040 | D:5      | Noticed Dowan
  4042 | D:5      | Noticed Duvessa
  4045 | D:5      | Killed Dowan
  4062 | D:5      | Killed Duvessa
  4292 | D:5      | Reached XP level 9. HP: 51/55 MP: 0/0
  4292 | D:5      | Learned a level 3 spell: Summon Ice Beast
  4310 | D:5      | Found a runed translucent door.
  4310 | D:5      | Noticed bmj180's ghost (novice HuCj)
  4459 | D:5      | Found an ornate altar of the Wu Jian Council.
  4508 | D:5      | Found a hide-covered altar of Uskayaw.
  4821 | D:6      | Identified the +2 long sword of Fortitude {protect, Str+3}
  4898 | D:6      | Found a shimmering altar of Xom.
  4952 | D:6      | Noticed Maggie
  4955 | D:6      | Killed Maggie
  5305 | D:6      | Found a burning altar of Makhleb.
  5321 | D:6      | Became a worshipper of Makhleb the Destroyer
  5428 | D:6      | Found a basalt altar of Yredelemnul.
  5736 | D:7      | Reached skill level 1 in Armour
  6037 | D:7      | Noticed an ice statue
  6037 | D:7      | Noticed Skimidon's ghost (novice MDGl)
  6100 | D:7      | Reached * piety under Makhleb
  6594 | D:7      | Noticed an ice statue
  6603 | D:7      | Found a transporter.
  6609 | D:7      | Found a transporter.
  6611 | D:7      | Noticed a gargoyle
  6751 | D:8      | Reached XP level 10. HP: 30/67 MP: 0/0
  7128 | D:8      | Reached skill level 5 in Dodging
  7137 | D:8      | Reached ** piety under Makhleb
  8149 | D:9      | Noticed an elephant
  8150 | D:9      | Noticed an elephant
  8155 | D:9      | Reached skill level 5 in Fighting
  8157 | D:9      | Reached skill level 10 in Spellcasting
  8157 | D:9      | Reached skill level 10 in Conjurations
  8157 | D:9      | Reached skill level 10 in Hexes
  8157 | D:9      | Reached skill level 10 in Summonings
  8157 | D:9      | Reached skill level 10 in Necromancy
  8157 | D:9      | Reached skill level 10 in Translocations
  8157 | D:9      | Reached skill level 10 in Fire Magic
  8157 | D:9      | Reached skill level 10 in Ice Magic
  8157 | D:9      | Reached skill level 10 in Air Magic
  8157 | D:9      | Reached skill level 10 in Earth Magic
  8157 | D:9      | Reached skill level 10 in Alchemy
  8157 | D:9      | Noticed Harold
  8160 | D:9      | Killed an elephant
  8164 | D:9      | Killed Harold
  8165 | D:9      | Reached skill level 5 in Armour
  8165 | D:9      | Reached XP level 11. HP: 61/76 MP: 0/0
  8165 | D:9      | Learned a level 4 spell: Dispel Undead
  8172 | D:9      | Killed an elephant
  8172 | D:9      | Reached *** piety under Makhleb
  8929 | D:9      | Found a staircase to the Lair.
  9191 | D:9      | Noticed Psyche
  9196 | D:9      | Killed Psyche
  9286 | Lair:1   | Entered Level 1 of the Lair of Beasts
  9836 | Lair:1   | Reached **** piety under Makhleb
 10584 | Lair:2   | Found a staircase to the Snake Pit.
 10655 | Lair:2   | Noticed a catoblepas
 10671 | Lair:2   | Reached XP level 12. HP: 64/85 MP: 0/0
 10674 | Lair:2   | Killed a catoblepas
 11843 | Lair:3   | Noticed a skyshark
 11855 | Lair:3   | Killed a skyshark
 11859 | Lair:3   | Reached skill level 10 in Dodging
 11967 | Lair:3   | Reached ***** piety under Makhleb
 12046 | Lair:3   | Reached XP level 13. HP: 82/94 MP: 0/0
 12046 | Lair:3   | Learned a level 5 spell: Freezing Cloud
 12105 | Lair:3   | Found a snail-covered altar of Cheibriados.
 12155 | Lair:3   | You are sucked into a shaft and drop 2 floors!
 12155 | Lair:5   | Entered Level 5 of the Lair of Beasts
 12176 | Lair:4   | Noticed Urug
 12180 | Lair:4   | Killed Urug
 12272 | Lair:4   | HP: 3/94 [elephant (10)]
 12948 | Lair:3   | Reached skill level 10 in Fighting
 13312 | Lair:3   | Noticed Amaemon
 13320 | Lair:3   | Killed Amaemon
 13567 | Lair:3   | Noticed a five-headed hydra
 13570 | Lair:3   | Killed a five-headed hydra
 13571 | Lair:3   | Reached skill level 10 in Armour
 13897 | Lair:3   | Found a staircase to the Swamp.
 14396 | Lair:4   | Reached XP level 14. HP: 101/103 MP: 0/0
 15030 | Lair:5   | Found a staircase to the Slime Pits.
 15030 | Lair:5   | Found a viscous altar of Jiyva.
 17211 | D:10     | Entered Level 10 of the Dungeon
 17366 | D:10     | Found an opulent altar of Gozag.
 17763 | D:10     | Identified the +0 chain mail "Tuahaf" {*Slow Int+2 SInv}
 17842 | D:10     | Noticed Erolcha
 17847 | D:10     | Killed Erolcha
 17863 | D:10     | Found a shadowy altar of Dithmenos.
 17870 | D:10     | Reached XP level 15. HP: 85/112 MP: 0/0
 17870 | D:10     | Learned a level 6 spell: Death Channel
 18552 | D:11     | Found a staircase to the Orcish Mines.
 18565 | D:11     | Found a roughly hewn altar of Beogh.
 19229 | Orc:1    | Entered Level 1 of the Orcish Mines
 19417 | Orc:2    | Entered Level 2 of the Orcish Mines
 19715 | Orc:2    | Found a staircase to the Elven Halls.
 19850 | Orc:2    | Reached ****** piety under Makhleb
 19941 | Orc:2    | Found Kosu's Antique Armour Emporium.
 20057 | Orc:2    | Found Lopreh's Antique Weapon Emporium.
 20073 | Orc:2    | Noticed Azrael
 20087 | Orc:2    | Killed Azrael
 20222 | Orc:2    | Noticed an orc warlord
 20238 | Orc:2    | Killed an orc warlord
 20285 | Orc:2    | Found Raic's General Store.
 20939 | Orc:2    | Found Weiv Yra's Book Boutique.
 21297 | Orc:1    | Found Guczij's Armour Shoppe.
 23236 | D:12     | Found a portal to a secret trove of treasure.
 23405 | D:12     | Found a sacrificial altar of Ru.
 24472 | D:14     | Noticed Snorg
 24481 | D:14     | Killed Snorg
 24820 | D:14     | Reached XP level 16. HP: 123/123 MP: 0/0
 25453 | D:14     | Found a gate to the Vaults.
 26088 | Swamp:1  | Entered Level 1 of the Swamp
 26107 | Swamp:1  | Reached skill level 1 in Shields
 26475 | Swamp:1  | Identified the +6 trident of Dissolution {pain, Int+2}
 26717 | Swamp:1  | Reached skill level 5 in Shields
 26797 | Swamp:1  | Identified the +10 scimitar of Might {flame, rC+ Dex+3}
 28677 | Swamp:3  | Noticed a fenstrider witch
 28688 | Swamp:3  | Reached XP level 17. HP: 98/130 MP: 0/0
 28688 | Swamp:3  | Learned a level 7 spell: Haunt
 28688 | Swamp:3  | Paralysed by a fenstrider witch for 4 turns
 28712 | Swamp:3  | Mangled by a bog body

Illustrated notes

Levels and vault maps discovered:
D:1:      erik_arrival_orb_chamber, layout_basic, serial_corexii_hall,
          corexii_hall_statues_l, corexii_hall_statues_l
D:2:      layout_loops_ring, basic_altar, minmay_misc_feat_encased, uniq_terence
D:3:      layout_loops_ring, nicolae_overflow_ecumenical_swirl,
          ebering_ecumenical_altar_hall, uniq_sigmund
D:4:      layout_cave_pools, portal_sewer_entry_e, minmay_misc_feat_alley
D:5:      layout_rooms, mainiacjoe_overflow_surrounded_room,
          nicolae_wu_jian_immortal_techniques, minmay_temple_entry_hall,
          hellmonk_ghost_happy_afterlife, blue_anna_alchemist,
          minmay_misc_feat_iff, uniq_edmund, uniq_menkaure, uniq_duvessa
D:6:      layout_basic, marbit_many_paths, nicolae_overflow_hidden_temple,
          makhleb_blood_cavern_becter, mainiacjoe_overflow_alcove_4,
          mainiacjoe_overflow_alcove_1, uniq_maggie
D:7:      layout_gridville, nzn_ghost_randoct
D:8:      layout_cave_pods, minmay_fire_ice_demons
D:9:      layout_rooms, grunt_lair_entry_orc_guard_hut, chequers_jeans,
          nicolae_concentric_dashed_squares_wild, uniq_psyche, uniq_harold
D:10:     layout_loops_cross, mainiacjoe_overflow_catwalk,
          mainiacjoe_overflow_divided_tiny, minmay_diamond_spiral, uniq_erolcha
D:11:     layout_basic, minmay_orc_entry_temple_small, serial_bayou_pond_d
D:12:     layout_long_grid, nicolae_trove_entry_path_of_doom, serial_glass,
          glass_columns_a, glass_columns_c, fountainhead,
          nicolae_ru_the_path_less_chosen
D:13:     minmay_isolated_rectangles_in_corner, layout_long_grid,
          minmay_beelzebubs_servants
D:14:     layout_layer_cave, lightli_vaults_fourway_checkpoint,
          serial_park_tiny_pond, tgw_sif, uniq_snorg
Temple:   chequers_temple_sunken
Lair:1:   layout_cave_pods
Lair:2:   layout_regular_city, dummy_snake_entry
Lair:3:   layout_roguey, palyth_hydra_swamp_entry, kennysheep_snail_temple,
          grunt_megastairs_1, infiniplex_staircase_pool, uniq_amaemon
Lair:4:   layout_regular_city, uniq_urug
Lair:5:   evilmike_catoblepas_cave, layout_cave_pods,
          minmay_slime_entry_oklob_open
Swamp:1:  layout_basic_swamp, nicolae_swamp_little_swirl, swamp_pool_5,
          hangedman_swamp_pad
Swamp:2:  nicolae_swamp_ascending_descending, layout_basic_swamp,
          nicolae_swamp_round_clearing, swamp_pool_5
Swamp:3:  gammafunk_worm_tunnel, layout_falls_marsh,
          evilmike_swamp_ruin_rubble_2, swamp_pool_1_2, uniq_jorgrun,
          uniq_roxanne
Orc:1:    minmay_goldmine, layout_diamond_mine, serial_shops, shop
Orc:2:    grunt_orc_gardens, layout_caves, grunt_orc_garden, grunt_orc_garden,
          grunt_orc_garden, grunt_orc_garden, uniq_azrael

Skill      XL: |  1  2  3  4  5  6  7  8  9 10 11 12 13 14 15 16 |
---------------+-------------------------------------------------+-----
Spellcasting   | 4 5 6 7 9 10 11 12 13 14 | 14.3
Conjurations   | 4 5 6 7 9 10 11 12 13 14 | 14.3
Hexes          | 4 5 6 7 9 10 11 12 13 14 | 14.3
Summonings     | 4 5 6 7 9 10 11 12 13 14 | 14.3
Necromancy     | 4 5 6 7 9 10 11 12 13 14 | 14.3
Translocations | 4 5 6 7 9 10 11 12 13 14 | 14.3
Fire Magic     | 4 5 6 7 9 10 11 12 13 14 | 14.3
Ice Magic      | 4 5 6 7 9 10 11 12 13 14 | 14.3
Air Magic      | 4 5 6 7 9 10 11 12 13 14 | 14.3
Earth Magic    | 4 5 6 7 9 10 11 12 13 14 | 14.3
Alchemy        | 4 5 6 7 9 10 11 12 13 14 | 14.3
Fighting       | 3 5 7 9 10 11 14 | 14.7
Dodging        | 4 6 8 10 11 13 | 13.2
Armour         | 2 5 7 8 10 11 | 11.5
Shields        | 8 |  8.8
Stealth        | |  1.5

Action                     |  1- 3 |  4- 6 |  7- 9 | 10-12 | 13-15 | 16-18 || total
---------------------------+-------+-------+-------+-------+-------+-------++-------
  Melee: Staff             |       |       |       |     1 |     6 |     1 ||     8
   Cast: Magic Dart        |    57 |    45 |   196 |   195 |   164 |       ||   657
         Sandblast         |     2 |     5 |    31 |    33 |    99 |     9 ||   179
         Searing Ray       |       |     2 |       |       |       |       ||     2
         Iskenderun's Myst |       |     3 |    58 |   162 |   358 |   118 ||   699
         Fulminant Prism   |       |       |     1 |     2 |    20 |       ||    23
         Freezing Cloud    |       |       |       |       |    90 |    56 ||   146
         Summon Ice Beast  |       |       |       |       |     4 |       ||     4
    Use: Scroll            |       |       |    10 |    13 |     4 |     1 ||    28
         Potion            |       |       |       |       |     2 |     5 ||     7
 Armour: Robe              |     7 |     4 |    20 |       |       |       ||    31
         Swamp dragon scal |       |       |    21 |    64 |   237 |    88 ||   410
  Dodge: Dodged            |     5 |     4 |    40 |    43 |   133 |    17 ||   242
  Block: Kite shield       |       |       |       |       |       |    19 ||    19

Table legend: (Time is in decaauts)
 A = Elapsed time spent in this place.
 B = Non-inter-level travel time spent in this place.
 C = Inter-level travel time spent in this place.
 D = Time resting spent in this place.
 E = Time spent auto-exploring this place.
 F = Levels seen in this place.
 G = Mean time per level.
                   A        B        C        D        E       F      G
               +--------+--------+--------+--------+--------+-----+--------+
         Total |  28853 |  27684 |   1169 |      0 |  22614 |  26 | 1109.7 |
       Dungeon |  15066 |  14240 |    826 |      0 |  11491 |  14 | 1076.1 |
        Temple |     41 |     41 |      0 |      0 |      0 |   1 |   41.0 |
          Lair |   8066 |   7785 |    281 |      0 |   6641 |   5 | 1613.2 |
         Swamp |   2626 |   2596 |     30 |      0 |   2138 |   3 |  875.3 |
  Orcish Mines |   2602 |   2571 |     31 |      0 |   1977 |   2 | 1301.0 |
         Sewer |    449 |    449 |      0 |      0 |    367 |   1 |  449.0 |
               +--------+--------+--------+--------+--------+-----+--------+

Top non-repeatable levels by time:
  Lair:5: 2109 daAuts
  Lair:3: 1774 daAuts
     D:8: 1633 daAuts
  Lair:4: 1532 daAuts
    D:14: 1493 daAuts
 Swamp:2: 1475 daAuts
  Lair:2: 1456 daAuts
   Orc:1: 1390 daAuts
    D:11: 1299 daAuts
     D:9: 1278 daAuts
   Orc:2: 1212 daAuts
  Lair:1: 1193 daAuts
     D:7: 1176 daAuts
    D:12: 1120 daAuts
 Swamp:1: 1083 daAuts
